 Dungeon Sprint DCSS version 0.29-a0-97-g88c9fad16d (webtiles) character file.

Game seed: 1563741558621096200

60 mhtbhm the Skirmisher (level 4, -5/32 HPs)
             Began as a Kobold Berserker on Feb 13, 2022.
             Was a Priest of Trog.
             Slain by a scorpion (8 damage)
             ... in the Dungeon (Sprint IX: "|||||||||||||||||||||||||||||").
             The game lasted 00:00:18 (195 turns).

mhtbhm the Skirmisher (Kobold Berserker)             Turns: 195, Time: 00:00:19

Health: -5/32      AC:  2    Str: 16    XL:     4   Next: 25%
Magic:  4/4        EV: 15    Int:  8    God:    Trog [***...]
Gold:   0          SH:  0    Dex: 14    Spells: 3/3 levels left

rFire   . . .      SeeInvis .   a - +0 mace
rCold   . . .      Faith    .   (no shield)
rNeg    . . .      Spirit   .   b - +0 animal skin
rPois   .          Reflect  .   (no helmet)
rElec   .          Harm     .   (no cloak)
rCorr   .          Rampage  .   (no gloves)
Will    .....      NoTele   +   (no boots)
Stlth   ++........              (no amulet)
HPRegen 0.10/turn               (no ring)
MPRegen 0.09/turn               (no ring)

@: lethally poisoned (-5 -> -19), on berserk cooldown, slowed, very slow
A: small, no large weapons, nightstalker 3
a: Renounce Religion, Berserk, Trog's Hand


You were in the Dungeon.
You worshipped Trog.
Trog was most pleased with you.
You visited 1 branch

Inventory:

Hand Weapons
 a - a +0 mace (weapon)
Armour
 b - a +0 animal skin (worn)
Scrolls
 h - a scroll of blinking
Potions
 c - a potion of curing
 d - a potion of heal wounds
 e - a potion of haste
 f - 2 potions of magic
 g - a potion of berserk rage


   Skills:
 + Level 6.0 Fighting
 + Level 5.1 Maces & Flails
 + Level 2.3 Armour
 + Level 3.8 Dodging
 + Level 0.5 Stealth


You had 3 spell levels left.
You didn't know any spells.
Your spell library was empty.

Dungeon Overview and Level Annotations

Branches:
Dungeon (1/1)

Altars:


Innate Abilities, Weirdness & Mutations

You are small and have problems with some larger weapons.
You are completely attuned to the shadows.


Message History

The gnoll shaman prays to its god.
The gnoll shaman is healed somewhat.
You completely miss the gnoll shaman.
The gnoll shaman is heavily wounded.
A jackal comes into view.
You completely miss the gnoll shaman.
The gnoll shaman is heavily wounded.
The gnoll shaman barely misses you.
You thump the gnoll shaman!
The gnoll shaman is almost dead.
The gnoll shaman misses you.
You sock the gnoll shaman!
You kill the gnoll shaman!
Trog accepts your kill.
Your Fighting skill increases to level 6!
Your Maces & Flails skill increases to level 5!
You have reached level 4!
Unknown command.
Unknown command.
You barely miss the scorpion.
You are no longer berserk.
You are exhausted.
You feel yourself slow down. The scorpion misses you.
You barely miss the scorpion. The scorpion stings you.
You are poisoned.
The scorpion poisons you!
The jackal stops to sniff the ground.
The scorpion barely misses you.
You sock the scorpion!
The scorpion is heavily wounded.
You feel very sick. The scorpion closely misses you. The scorpion stings you.
You barely miss the scorpion.
The scorpion is moderately wounded.
You feel very sick. The scorpion stings you.
* * * LOW HITPOINT WARNING * * *
You are more poisoned.
The scorpion poisons you! The scorpion stings you!
You die... ▓▓▓▓▓▓▓▓▓▓▓▓▓▓▓▓ ▓<...).....@shZ. ▓▓▓▓▓▓▓▓▓▓▓▓▓▓▓▓

You could see a scorpion, a jackal and an adder skeleton.

Vanquished Creatures
  2 gnoll shamans (D)
  A ball python (D)
  An endoplasm (D)
  A goblin (D)
  A hobgoblin (D)
  A kobold (D)
7 creatures vanquished.

Notes
Turn   | Place    | Note
-------+----------+-------------------------------------------
     0 | D        | mhtbhm the Kobold Berserker began the quest for the Orb.
     0 | D        | Reached XP level 1. HP: 14/14 MP: 1/1
     7 | D        | Reached ** piety under Trog
    10 | D        | Reached skill level 4 in Fighting
    16 | D        | Reached XP level 2. HP: 10/20 MP: 2/2
   181 | D        | Noticed a scorpion
   187 | D        | Reached skill level 5 in Fighting
   187 | D        | Reached XP level 3. HP: 26/26 MP: 3/3
   191 | D        | Reached *** piety under Trog
   192 | D        | Reached skill level 6 in Fighting
   192 | D        | Reached skill level 5 in Maces & Flails
   192 | D        | Reached XP level 4. HP: 32/32 MP: 4/4
   195 | D        | Slain by a scorpion

Illustrated notes

Levels and vault maps discovered:
D:        linesprint [early_d, line_temple, items_1, d_10, items_2, lair_1,
          lair_end, items_3, orc_1, orc_end, items_4, d_15, swamp_1, shoals_1,
          snake_1, spider_1, d_20, vaults_1, items_5, swamp_end, shoals_end,
          snake_end, spider_end, vaults_end, d_27, items_6, zot_1, zot_end,
          crypt_end, forest_end, elf_end, slime_end, tomb_end, abyss_end,
          pan_hell_end]

Skill      XL: |  1  2  3 |
---------------+----------+-----
Maces & Flails | 3 4 5 |  5.1
Fighting       | 4 5 6 |  6.0
Armour         | 2 |  2.3
Dodging        | 3 |  3.8
Stealth        | |  0.5

Action                   |  1- 3 |  4- 6 || total
-------------------------+-------+-------++-------
Melee: Mace              |    21 |     4 ||    25
Invok: Berserk           |     1 |       ||     1
Armor: Animal skin       |     1 |       ||     1
Dodge: Dodged            |    10 |     3 ||    13

Table legend: (Time is in decaauts)
 A = Elapsed time spent in this place.
 B = Non-inter-level travel time spent in this place.
 C = Inter-level travel time spent in this place.
 D = Time resting spent in this place.
 E = Time spent auto-exploring this place.
 F = Levels seen in this place.
 G = Mean time per level.
                   A        B        C        D        E       F      G
               +--------+--------+--------+--------+--------+-----+--------+
         Total |    197 |    197 |      0 |    158 |      3 |   1 |  197.0 |
       Dungeon |    197 |    197 |      0 |    158 |      3 |   1 |  197.0 |
               +--------+--------+--------+--------+--------+-----+--------+

Top non-repeatable levels by time:
       D: 197 daAuts
